 Dungeon Crawl Stone Soup version 0.26.0-10-g1f06aea511 (webtiles) character file.

Game seed: 1460732707117237718

19 Gingerlord the Skirmisher (level 2, -1/19 HPs)
             Began as a Gargoyle Fighter on Jan 13, 2021.
             Slain by a goblin
             ... wielding a +0 club
             ... led by Robin
              (3 damage)
             ... on level 2 of the Dungeon.
             The game lasted 00:00:24 (189 turns).

Gingerlord the Skirmisher (Gargoyle Fighter)         Turns: 189, Time: 00:00:25

Health: -1/19      AC:  9    Str: 19    XL:     2   Next: 75%
Magic:  2/2        EV:  7    Int:  8    God:
Gold:   22         SH:  9    Dex:  9    Spells: 1/1 levels left

rFire    . . .     SeeInvis .   a - +0 long sword
rCold    . . .     Faith    .   c - +0 kite shield
rNeg     + . .     Spirit   .   b - +0 scale mail
rPois    ∞         Reflect  .   (no helmet)
rElec    +         Harm     .   (no cloak)
rCorr    .         Rampage  .   (no gloves)
Will     .....                  (no boots)
Stlth    ..........             (no amulet)
HPRegen  0.06/turn              (no ring)
MPRegen  0.08/turn              (no ring)

@: no status effects
A: negative energy resistance 1, electricity resistance, unbreathing,
petrification resistance, miasma immunity, AC +2
a: no special abilities


You were on level 2 of the Dungeon.
You visited 1 branch of the dungeon, and saw 2 of its levels.

You collected 22 gold pieces.

Inventory:

Hand Weapons
 a - a +0 long sword (weapon)
Armour
 b - a +0 scale mail (worn)
 c - a +0 kite shield (worn)
Scrolls
 e - a scroll of random uselessness {unknown}
 f - a scroll of teleportation {unknown}
Potions
 d - a potion of might


   Skills:
 + Level 3.6 Fighting
 + Level 2.1 Long Blades
 + Level 3.5 Armour
 + Level 3.5 Shields


You had one spell level left.
You didn't know any spells.
Your spell library was empty.

Dungeon Overview and Level Annotations

Branches:
Dungeon (1/15)

Altars:

Annotations:
D:2 Robin


Innate Abilities, Weirdness & Mutations

You are resistant to torment.
Your stone body is resilient. (AC +2)
You are immune to poison.
You resist negative energy. (rN+)
You are resistant to electric shocks. (rElec)
You can survive without breathing.
You are immune to petrification.
You are immune to miasma.


Message History

The goblin hits you with a +0 club.
The hobgoblin hits you but does no damage.
You closely miss the goblin. You block the hobgoblin's attack.
The goblin hits you with a +0 club.
You miss the goblin.
A goblin comes into view.
The goblin hits you with a +0 club.
* * * LOW HITPOINT WARNING * * *
You block the hobgoblin's attack.
Unknown command.
You closely miss the goblin.
The goblin shouts!
The goblin hits you but does no damage. The hobgoblin hits you with a +0 club.
* * * LOW HITPOINT WARNING * * *
Unknown command.
You barely miss the goblin. You block the goblin's attack.
You block the hobgoblin's attack.
Unknown command.
You closely miss the goblin. The goblin hits you with a +0 club.
You die...

#.#(. #[#
##♣...♣♣♣♣♣.#
#.#.# #.#####♣♣♣♣♣
#.# #.#.#
#.#....).. #.#
#.#.♣♣♣♣♣#.#......
#.#
#.#.♣.P.♣#.#.g!g.
#.#
#.#..†.....#gggg
#.#
#.#)♣♣.♣♣..#ggg .#
#.#.♣♣♣♣♣#.##g#
#.#....#.#.##@#
#.#....#.#.##g#
#.#........##.#
#.##...#.####.#
#.............#
########.######
#.# #.# #.#


You could see Robin, 4 hobgoblins and 6 goblins.

Vanquished Creatures
  2 adders (D:2)
  A ball python (D:2)
  A kobold (D:2)
4 creatures vanquished.

Notes
Turn   | Place    | Note
-------+----------+-------------------------------------------
     0 | D:1      | Gingerlord the Gargoyle Fighter began the quest for the
                  | Orb.
     0 | D:1      | Reached XP level 1. HP: 14/14 MP: 1/1
    11 | D:1      | You fall into a shaft and drop 1 floor!
    46 | D:2      | Reached XP level 2. HP: 18/19 MP: 2/2
   181 | D:2      | Noticed Robin
   189 | D:2      | Slain by a goblin

Illustrated notes

Levels and vault maps discovered:
D:1:      mrwooster_arrival_statue_3, layout_loops_ring
D:2:      layout_basic, bloody_trog, serial_forest, infiniplex_forest_side_room,
          infiniplex_forest_clump_small, infiniplex_forest_zigzag_1,
          infiniplex_forest_straight_4, infiniplex_forest_fountain,
          infiniplex_forest_clump_tiny, infiniplex_forest_end_2, uniq_robin,
          uniq_jessica

Skill      XL: |  1 |
---------------+----+-----
Long Blades    | 2 |  2.1
Fighting       | |  3.6
Armour         | |  3.5
Shields        | |  3.5

Action                   || total
-------------------------++-------
Melee: Long sword        ||    25
Armor: Scale mail        ||    10
Dodge: Dodged            ||     6
Block: Kite shield       ||    17
       Rpst.: Long sword ||     3
